 Dungeon Crawl Stone Soup version 0.21.0-24-g2553a3340b (webtiles) character file.

64 Krosko the Shield-Bearer (level 4, -4/28 HPs)
             Began as a Gargoyle Fighter on Jan 21, 2018.
             Was a Follower of Qazlal.
             Slain by Purgy (5 damage)
             ... on level 3 of the Dungeon.
             The game lasted 00:04:06 (1706 turns).

Krosko the Shield-Bearer (Gargoyle Fighter)         Turns: 1706, Time: 00:04:07

Health: -4/28      AC: 10    Str: 21    XL:     4   Next: 12%
Magic:  0/4        EV:  7    Int:  8    God:    Qazlal [*.....]
Gold:   105        SH: 11    Dex:  9    Spells: 3/3 levels left

rFire    x . .     SeeInvis .   a - +0 flail
rCold    + . .     Gourm    .   c - +0 shield
rNeg     + . .     Faith    .   b - +0 scale mail
rPois    ∞         Spirit   +   (no helmet)
rElec    +         Reflect  .   l - scarf {Spirit}
rCorr    .         Harm     .   (no gloves)
MR       .....                  (no boots)
Stlth    ..........             (no amulet)
HPRegen  0.09/turn              e - ring of ice
MPRegen  0.09/turn              (no ring)

@: no status effects
A: negative energy resistance 1, electricity resistance, unbreathing,
petrification resistance, rot immunity, AC +3
a: Renounce Religion


You were on level 3 of the Dungeon.
You worshipped Qazlal.
Qazlal was aware of your devotion.
You were very hungry.

You visited 1 branch of the dungeon, and saw 3 of its levels.

You collected 105 gold pieces.

Inventory:

Hand Weapons
 a - a +0 flail (weapon)
Armour
 b - a +0 scale mail (worn)
 c - a +0 shield (worn)
 l - a scarf of spirit shield (worn)
Jewellery
 e - a ring of ice (left hand)
Wands
 m - a wand of random effects (12)
Scrolls
 g - 2 scrolls of remove curse {unknown}
 i - 5 scrolls of identify {unknown}
 j - 2 scrolls of fog {unknown}
Potions
 d - a potion of might
 h - 4 potions of heal wounds {unknown}
 k - 2 potions of curing {unknown}
Comestibles
 f - 3 rations


   Skills:
 + Level 3.6 Fighting
 + Level 2.5 Maces & Flails
 + Level 3.8 Armour
 + Level 0.9 Dodging
 + Level 0.4 Stealth
 + Level 4.0 Shields


You had 3 spell levels left.
You didn't know any spells.

Dungeon Overview and Level Annotations

Branches:
Dungeon (3/15)

Altars:
Qazlal

Annotations:
D:3 Purgy


Innate Abilities, Weirdness & Mutations

You are resistant to torment.
Your stone body is resilient. (AC +3)
You are immune to poison.
You resist negative energy. (rN+)
You are resistant to electric shocks. (rElec)
You can survive without breathing.
You are immune to petrification.
You are immune to rotting.


Message History

The quokka bites you but does no damage.
Purgy looks around nervously.
Purgy bites you but does no damage. You block Purgy's attack. Purgy claws you.
* * * LOW HITPOINT WARNING * * *
You closely miss the quokka.
The quokka bites you but does no damage.
Purgy bites you but does no damage. You block Purgy's attack.
Purgy claws you but does no damage.
Your scale mail prevents you from hitting the quokka.
The quokka bites you but does no damage.
Purgy barely misses you. Purgy claws you but does no damage. x2
You block the quokka's attack.
You sock the quokka!
You kill the quokka!
Qazlal accepts your kill. You block Purgy's attack. Purgy claws you. x2
* * * LOW HITPOINT WARNING * * *
The adder bites you but does no damage.
You closely miss the adder. Purgy bites you.
You die...

#.# #.# #.# ...
#.# #S# #T# #@#
#
##.####S###....
#.....sgg......
....<..........
#.......(......
.#...$.........
..#.......$##?#
.#.......... .
#.........##


You could see Purgy, 2 adders, a giant cockroach and 2 goblins.

Vanquished Creatures
  An adder (D:3)
  An ooze (D:2)
  2 worms (D:2)
  A dart slug (D:2)
  A leopard gecko (D:1)
  6 bats
  A giant cockroach (D:2)
  8 jackals
  2 quokkas
  A ball python (D:1)
  3 frilled lizards
  3 goblins (D:1)
  6 kobolds
  8 rats
44 creatures vanquished.

Notes
Turn   | Place    | Note
-------+----------+-------------------------------------------
     0 | D:1      | Krosko the Gargoyle Fighter began the quest for the Orb.
     0 | D:1      | Reached XP level 1. HP: 14/14 MP: 1/1
     6 | D:1      | Noticed a komodo dragon
     6 | D:1      | Noticed an anaconda
     6 | D:1      | Noticed a wyvern
   280 | D:1      | Reached XP level 2. HP: 19/19 MP: 2/2
   763 | D:1      | Reached XP level 3. HP: 20/23 MP: 3/3
  1059 | D:2      | Found a faded altar of an unknown god.
  1070 | D:2      | Became a worshipper of Qazlal Stormbringer
  1070 | D:2      | Reached * piety under Qazlal
  1679 | D:3      | Noticed Purgy
  1699 | D:3      | Reached skill level 4 in Shields
  1699 | D:3      | Reached XP level 4. HP: 4/28 MP: 0/4
  1702 | D:3      | HP: 1/28 [Purgy (2)]
  1706 | D:3      | Slain by Purgy

Skill      XL: |  1  2  3 |
---------------+----------+-----
Shields        | 4 |  4.0
Fighting       | |  3.6
Maces & Flails | |  2.5
Armour         | |  3.8
Dodging        | |  0.9
Stealth        | |  0.4

Action                   |  1- 3 |  4- 6 || total
-------------------------+-------+-------++-------
Melee: Flail             |   205 |     7 ||   212
  Eat: Chunk             |     2 |       ||     2
Armor: Scale mail        |   177 |    18 ||   195
Dodge: Dodged            |    90 |     5 ||    95
Block: Shield            |   174 |    10 ||   184
